 Dungeon Crawl Stone Soup version 0.30-a0-352-g1e81539c98 (webtiles) character file.

Game seed: 13251124847267218874

42 arbi1337 the Covered (level 3, 0/29 HPs)
             Began as a Human Fighter on Nov 7, 2022.
             Slain by a gnoll
             ... wielding a +0 club
              (5 damage)
             ... on level 2 of the Dungeon.
             The game lasted 00:10:49 (869 turns).

arbi1337 the Covered (Human Fighter)                 Turns: 869, Time: 00:10:49

Health: 0/29       AC: 11    Str: 16    XL:     3   Next: 80%
Magic:  3/3        EV:  4    Int:  8    God:
Gold:   26         SH:  0    Dex: 14    Spells: 2/2 levels left

rFire   . . .      SeeInvis .    a - +0 rapier
rCold   . . .      Faith    .    (no shield)
rNeg    . . .      Spirit   .    b - +0 plate armour
rPois   .          Reflect  .    (no helmet)
rElec   .          Harm     .    (no cloak)
rCorr   +          Rampage  .    (no gloves)
Will    .....                    (no boots)
Stlth   ..........               (no amulet)
HPRegen 0.24/turn                d - ring of resist corrosion
MPRegen 0.08/turn                (no ring)

@: no status effects
A: no striking features
a: no special abilities


You were on level 2 of the Dungeon.
You visited 1 branch of the dungeon, and saw 2 of its levels.

You collected 26 gold pieces.

Inventory:

Hand Weapons
 a - a +0 rapier (weapon)
 f - a +1 dagger of venom
Missiles
 h - a throwing net (quivered)
Armour
 b - a +0 plate armour (worn)
 c - a +0 buckler
 g - an orb of wrath
Jewellery
 d - a ring of resist corrosion (left hand)


   Skills:
 + Level 3.3 Fighting
 + Level 2.5 Short Blades
 + Level 3.5 Armour
 + Level 3.3 Shields


You had 2 spell levels left.
You didn't know any spells.
Your spell library contained the following spells:

 Spells                   Type           Power      Damage    Failure   Level
 Ignite Poison            Fire/Tmut/Pois 0%         N/A       100%        3
 Kindle Blastsparks       Fire/Tloc/Air  0%         2d10      100%        3
 Freezing Cloud           Conj/Ice/Air   0%         6-21      100%        5


Dungeon Overview and Level Annotations

Branches:
Dungeon (2/15)

Altars:


Message History

Press: ? - help, v - describe, . - travel The floor.
You drop a +0 whip. 2 gnolls come into view.
The gnoll shouts! x2
A gnoll comes into view. It is wielding a +0 halberd.
The gnoll hits you from afar with a +0 halberd.
The gnoll hits you from afar with a +0 halberd!
The gnoll hits you from afar with a +0 halberd.
You hit the gnoll.
The gnoll is lightly wounded.
The gnoll barely misses you. The gnoll hits you but does no damage.
You barely miss the gnoll.
The gnoll is lightly wounded.
The gnoll barely misses you. The gnoll hits you but does no damage.
You barely miss the gnoll.
The gnoll is lightly wounded.
The gnoll hits you from afar with a +0 halberd.
The gnoll hits you with a +0 club.
You barely miss the gnoll.
The gnoll is lightly wounded.
The gnoll barely misses you. The gnoll hits you but does no damage.
The gnoll hits you with a +0 club.
You hit the gnoll.
The gnoll is lightly wounded.
The gnoll hits you from afar with a +0 halberd.
The gnoll hits you but does no damage. The gnoll barely misses you.
You closely miss the gnoll.
The gnoll is lightly wounded.
The gnoll hits you but does no damage. The gnoll hits you with a +0 club.
* * * LOW HITPOINT WARNING * * *
The gnoll barely misses you. The gnoll attacks as you move away!
The gnoll hits you with a +0 club.
* * * LOW HITPOINT WARNING * * *
The gnoll attacks as you move away! The gnoll hits you but does no damage.
The gnoll barely misses you. The gnoll attacks as you move away!
The gnoll hits you but does no damage. The gnoll attacks as you move away!
The gnoll barely misses you. The gnoll attacks as you move away!
The gnoll hits you with a +0 club.
You die...

)#.#.#. ......[.#
..#.#.#.## .........##
..#.#.#...####
.............#
...#.........#
........)....####
.......@g.gg....#
....########....# ..
####....######## .####
#..'............
......#.##..........##
#.#.######......'.
......#.# #....####
#######.# ####........
..###<....).###.


You could see 3 gnolls.

Vanquished Creatures
  A gnoll (D:2)
  A dart slug (D:2)
  4 endoplasms
  7 goblins
  3 hobgoblins
  7 kobolds
  2 frilled lizards
  A rat (D:2)
26 creatures vanquished.

Notes
Turn   | Place    | Note
-------+----------+-------------------------------------------
     0 | D:1      | arbi1337 the Human Fighter began the quest for the Orb.
     0 | D:1      | Reached XP level 1. HP: 18/18 MP: 1/1
   198 | D:1      | Reached XP level 2. HP: 22/24 MP: 2/2
   588 | D:2      | Reached XP level 3. HP: 28/29 MP: 3/3
   869 | D:2      | Slain by a gnoll

Illustrated notes

Levels and vault maps discovered:
D:1:      dpeg_arrival_rooms_a, layout_basic, minmay_misc_feat_square
D:2:      layout_basic, serial_co_window_serial, co_window_corner_a,
          co_window_corner_a, co_window_of_opportunity_a, co_window_corner_a,
          co_window_paths_b, co_window_paths_c, co_window_broadway_a,
          co_window_2corner, co_window_corner_b, co_window_of_opportunity_b,
          glass_columns_a, glass_columns_b, glass_columns_a, glass_columns_b

Action                   || total
-------------------------++-------
Melee: Rapier            ||    88
  Use: Potion            ||     1
       Scroll            ||     1
Armor: Scale mail        ||     6
       Plate armour      ||    69
Dodge: Dodged            ||    23
Block: Buckler           ||    11

Table legend: (Time is in decaauts)
 A = Elapsed time spent in this place.
 B = Non-inter-level travel time spent in this place.
 C = Inter-level travel time spent in this place.
 D = Time resting spent in this place.
 E = Time spent auto-exploring this place.
 F = Levels seen in this place.
 G = Mean time per level.
                   A        B        C        D        E       F      G
               +--------+--------+--------+--------+--------+-----+--------+
         Total |    889 |    889 |      0 |      0 |      6 |   2 |  444.5 |
       Dungeon |    889 |    889 |      0 |      0 |      6 |   2 |  444.5 |
               +--------+--------+--------+--------+--------+-----+--------+

Top non-repeatable levels by time:
     D:1: 599 daAuts
     D:2: 290 daAuts
